 Dungeon Crawl Stone Soup version 0.27-a0-1347-gd8886f0a89 (webtiles) character file.

Game seed: 3022385217144613911

0 Brandom the Sneak (level 1, -2/18 HPs)
             Began as a Human Delver on June 27, 2021.
             Slain by a hound (3 damage)
             ... on level 3 of the Dungeon.
             The game lasted 00:02:03 (181 turns).

Brandom the Sneak (Human Delver)                     Turns: 181, Time: 00:02:04

Health: -2/18      AC:  3    Str: 12    XL:     1   Next: 11%
Magic:  1/1        EV: 12    Int: 10    God:
Gold:   25         SH:  0    Dex: 14    Spells: 0/0 levels left

rFire    . . .     SeeInvis .   a - +0 mace
rCold    . . .     Faith    .   (no shield)
rNeg     . . .     Spirit   .   b - +0 leather armour
rPois    .         Reflect  .   (no helmet)
rElec    .         Harm     .   (no cloak)
rCorr    .         Rampage  .   (no gloves)
Will     .....                  (no boots)
Stlth    +++.......             (no amulet)
HPRegen  0.06/turn              (no ring)
MPRegen  0.07/turn              (no ring)

@: no status effects
A: no striking features
a: no special abilities


You were on level 3 of the Dungeon.
You visited 1 branch of the dungeon, and saw 3 of its levels.

You collected 25 gold pieces.

Inventory:

Hand Weapons
 a - a +0 mace (weapon)
Armour
 b - a +0 leather armour (worn)
 g - a +0 chain mail
   (You found it on level 5 of the Dungeon)
Wands
 v - a wand of digging (3)
Scrolls
 c - a scroll of fog
 d - a scroll of magic mapping
 e - a scroll of fear
 h - a scroll of identify {unknown}
Potions
 f - a potion of haste {@q3}


   Skills:
 * Level 3.0 Fighting
 * Level 2.0 Maces & Flails
 + Level 0.0 Armour
 + Level 2.0 Dodging
 - Level 5.0 Stealth


You couldn't memorise any spells.
You didn't know any spells.
Your spell library contained the following spells:

 Spells                   Type           Power      Damage    Failure   Level
 Confusing Touch          Hex            0%         N/A       82%         3
 Gell's Gravitas          Tloc           0%         N/A       82%         3
 Petrify                  Tmut/Erth      0%         N/A       99%         4
 Metabolic Englaciation   Hex/Ice        0%         N/A       100%        5
 Yara's Violent Unravell  Hex/Tmut       0%         3d3       100%        5


Dungeon Overview and Level Annotations

Branches:
Dungeon (5/15)
 Temple: D:4-7

Altars:

Shops:
D:4 [


Message History

Found 9 gold pieces.
The hound barely misses you. The hound bites you.
The hound bites you but does no damage.
There is a stone staircase leading up here.
The hound closely misses you.
You climb upwards.
You hear the sound of rushing water.
There is an entrance to a sewer on this level.
Hurry and find it before the portal rusts away!
The goblin shouts!
An adder skeleton comes into view.
Found a pair of gloves.
Found Giust's Antique Armour Emporium.
Found a stone staircase leading up.
There is a stone staircase leading down here.
The hound bites you.
* * * LOW HITPOINT WARNING * * *
The hound bites you but does no damage.
Found a flail.
There is an entrance to Giust's Antique Armour Emporium here.
The hound barely misses you.
Unknown command.
There is a stone staircase leading up here.
Unknown command.
The hound barely misses you.
The adder skeleton completely misses you.
The hound bites you but does no damage.
You climb upwards. 2 bats come into view.
There is a stone staircase leading down here.
The helpless bat fails to defend itself.
You hit the bat.
You kill the bat!
The hound bites you but does no damage. The hound closely misses you.
Unknown command.
You see here a bat corpse.
The hound misses you.
An endoplasm comes into view.
The hound misses you. The hound bites you.
* * * LOW HITPOINT WARNING * * *
The hound barely misses you. The hound bites you.
* * * LOW HITPOINT WARNING * * *
The hound barely misses you. The bat closely misses you.
The hound barely misses you. The bat hits you.
* * * LOW HITPOINT WARNING * * *
The hound bites you.
You die...

.. .# .. ###J.# # ...#.#
...#### #.##.## .#
###....##.##..##.# #
.#...@..##..##.# .#
#....bh.##..##.# #.
#........##...#.# .
#.........##.#.#.#.#
..........##.#...#.#
...............†...##+#.
....##....##b...>.......
#### #....##..##........
#....##............


You could see a hound and a bat.

Vanquished Creatures
  A bat (D:3)
1 creature vanquished.

Notes
Turn   | Place    | Note
-------+----------+-------------------------------------------
     0 | D:5      | Brandom the Human Delver began the quest for the Orb.
     0 | D:5      | Reached XP level 1. HP: 18/18 MP: 1/1
    35 | D:5      | Noticed a howler monkey
    59 | D:5      | Noticed a hound
   140 | D:5      | Noticed a hound
   160 | D:4      | Found Giust's Antique Armour Emporium.
   181 | D:3      | Slain by a hound

Illustrated notes

Levels and vault maps discovered:
D:3:      layout_basic, general_overflow_altar, led_sif_pool, wad_orctagon
D:4:      cheibrodos_quashed, layout_cave_pools, overflow_temple_1_default,
          portal_sewer_entry_a, serial_shops, nicolae_stop_n_shop_1,
          nicolae_shop_stone, uniq_natasha, uniq_blork_the_orc
D:5:      layout_basic

Action                   || total
-------------------------++-------
Melee: Mace              ||     1
 Stab: Sleeping          ||     1
Armor: Leather armour    ||     6
Dodge: Dodged            ||    15

Table legend: (Time is in decaauts)
 A = Elapsed time spent in this place.
 B = Non-inter-level travel time spent in this place.
 C = Inter-level travel time spent in this place.
 D = Time resting spent in this place.
 E = Time spent auto-exploring this place.
 F = Levels seen in this place.
 G = Mean time per level.
                   A        B        C        D        E       F      G
               +--------+--------+--------+--------+--------+-----+--------+
         Total |    180 |    180 |      0 |      0 |     37 |   3 |   60.0 |
       Dungeon |    180 |    180 |      0 |      0 |     37 |   3 |   60.0 |
               +--------+--------+--------+--------+--------+-----+--------+

Top non-repeatable levels by time:
     D:5: 160 daAuts
     D:3: 15 daAuts
     D:4: 5 daAuts
